AoeStats
← BottleDry

Arena

509202095Analyzed
4v4 RM · 6d ago on Sep 25, 2026· 36m 44s· 8 players
Game mode
Random Map
Map size
Large (8 player)
Population
200
Speed
Normal
Resources
Standard
Victory
Conquest
Starting age
Dark Age
Ending age
Imperial Age
RankedLock teamsTeams togetherTeam positionsShared explorationLock speedFull tech treeHidden civsTurbo modeCheats
Victory
Defeat
🇧🇷 Lithuanians · Brazil
890
+18
🇦🇷 Poles · Argentina
846
+20
🇨🇱 Koreans · Chile
826
+21
🇨🇱 Cumans · Chile
807
+21
🇺🇸 Varangians · United States
960
-21
🇦🇹 Inca · Austria
942
-20
🇺🇸 Muisca · United States
923
-20
🇨🇳 Vietnamese · China
898
-19
Shalashaska
0:31 Loom
2:22 Loom
11:57 Feudal Age
14:41 Double-Bit Axe
17:30 Horse Collar
21:59 Castle Age
27:15 Bow Saw
29:38 Capped Ram
31:53 Heavy Plow
36:18 Wheelbarrow
35:30 Town Watch
セバスティアン
11:07 Feudal Age
13:43 Loom
16:32 Castle Age
17:27 Forging
22:36 Fletching
26:04 Scale Mail Armor
27:54 Double-Bit Axe
29:45 Bodkin Arrow
32:33 Chain Mail Armor
34:04 Squires
36:57 Iron Casting
joaqo9909
11:11 Feudal Age
17:04 Castle Age
15:37 Horse Collar
17:20 Loom
19:49 Heavy Plow
19:49 Double-Bit Axe
20:27 Forging
20:18 Scale Mail Armor
23:45 Iron Casting
23:25 Chain Mail Armor
26:11 Wheelbarrow
28:38 Scale Barding Armor
30:18 Squires
30:05 Arson
34:12 Imperial Age
31:50 Light Cavalry
32:41 Bloodlines
33:49 Hand Cart
35:47 Elite Obuch
creed
3:15 Loom
11:51 Feudal Age
17:44 Castle Age
18:05 Bloodlines
21:36 Wheelbarrow
23:05 Gold Mining
23:52 Horse Collar
25:55 Scale Barding Armor
27:27 Husbandry
29:04 Forging
28:57 Double-Bit Axe
30:08 Bow Saw
33:57 Imperial Age
31:53 Hand Cart
32:24 Forging
33:14 Stone Mining
34:15 Elite Leitis
35:29 Town Watch
37:22 Chain Barding Armor
37:39 Iron Casting
BottleDry
10:41 Feudal Age
11:46 Loom
14:42 Castle Age
12:46 Double-Bit Axe
13:15 Horse Collar
13:58 Stone Mining
16:00 Bow Saw
16:09 Heavy Plow
19:45 Fletching
25:23 Gold Mining
30:45 Husbandry
31:41 Town Watch
32:45 Scale Barding Armor
32:50 Forging
34:23 Forging
34:08 Bodkin Arrow
Gbetosaurus
9:03 Feudal Age
8:41 Loom
10:54 Double-Bit Axe
12:43 Gold Mining
12:34 Horse Collar
12:46 Stone Mining
19:13 Castle Age
23:05 Gold Shaft Mining
22:42 Bow Saw
22:33 Heavy Plow
29:45 Imperial Age
30:14 Fletching
32:31 Redemption
33:17 Padded Archer Armor
34:43 Block Printing
33:54 Crossbowman
36:59 Bodkin Arrow
卢本伟
2:04 Loom
11:04 Feudal Age
15:45 Castle Age
14:23 Gold Mining
14:35 Double-Bit Axe
14:46 Horse Collar
18:06 Scale Mail Armor
25:08 Chain Mail Armor
26:08 Heavy Plow
27:58 Wheelbarrow
29:38 Fortified Wall
35:47 Imperial Age
33:35 Hand Cart
34:18 Stone Mining
34:26 Fletching
34:37 Padded Archer Armor
36:23 Bodkin Arrow
36:43 Leather Archer Armor
KnightHawk
7:51 Loom
9:49 Feudal Age
11:32 Double-Bit Axe
17:44 Castle Age
15:34 Horse Collar
15:59 Champi Runner
18:31 Squires
19:23 Scale Mail Armor
19:34 Forging
22:48 Arson
23:03 Town Watch
25:59 Champi Warrior
27:24 Heavy Plow
27:40 Bow Saw
30:29 Wheelbarrow
29:57 Town Patrol
30:55 Chain Mail Armor
32:20 Hand Cart
31:35 Pikeman
33:42 Ballistics
34:27 Fletching
34:38 Padded Archer Armor
36:55 Bodkin Arrow
37:16 Leather Archer Armor
Connection lost

Rejoining the realm…

Still unreachable

The connection could not be restored.

Session expired

The server has moved on; the page needs a fresh start.